 Dungeon Crawl Stone Soup version 0.18.1-50-g88ac8fd (webtiles) character file.

259 manyhoops the Skirmisher (level 6, -7/102 HPs)
             Began as an Ogre Berserker on Oct 22, 2016.
             Was a Priest of Trog.
             Mangled by Grinder (8 damage)
             ... on level 2 of the Dungeon.
             The game lasted 00:07:25 (3464 turns).

manyhoops the Skirmisher (Ogre Berserker)           Turns: 3464, Time: 00:07:26

Health: -7/102     AC:  3    Str: 30    XL:     6   Next: 17%
Magic:  6/6        EV: 10    Int:  6    God:    Trog [***...]
Gold:   114        SH:  0    Dex:  9    Spells: 0 memorised, 5 levels left

rFire  . . .     SeeInvis .     r - +0 flail
rCold  . . .     Gourm    .     b - +0 animal skin
rNeg   . . .     Faith    .     (no shield)
rPois  .         Spirit   .     (helmet restricted)
rElec  .         Dismiss  .     (no cloak)
rCorr  .         Reflect  .     (gloves unavailable)
SustAt .         Harm     .     (boots unavailable)
MR     .....                    (no amulet)
Stlth  ..........               (no ring)
                                (no ring)

@: berserking, very quick, not resistant to hostile enchantments, extremely
unstealthy
A: unfitting armour, tough skin 1
a: Berserk, Trog's Hand, Burn Spellbooks, Renounce Religion


You were on level 2 of the Dungeon.
You worshipped Trog.
Trog was most pleased with you.
You were not hungry.

You visited 1 branch of the dungeon, and saw 3 of its levels.

You collected 114 gold pieces.

Inventory:

Hand Weapons
 r - a +0 flail (weapon)
Armour
 b - a +0 animal skin (worn)
Jewellery
 s - a cursed amulet of inaccuracy {unknown}
Wands
 m - a wand of flame (14/48)
Potions
 d - 2 potions of curing
 e - a potion of lignification {unknown}
 h - a potion of might {unknown}
 j - 4 potions of flight {unknown}
 k - 2 potions of mutation {unknown}
 l - a potion of magic {unknown}
 o - 2 potions of brilliance {unknown}
Comestibles
 c - 3 bread rations
 g - a royal jelly
 i - a slice of pizza
 n - 5 fruits
 p - a beef jerky


   Skills:
 + Level 6.7 Fighting
 + Level 6.5 Maces & Flails
 - Level 2.6 Dodging
 + Level 1.3 Stealth


You had 5 spell levels left.
You didn't know any spells.

Dungeon Overview and Level Annotations

Branches:
Dungeon (3/15)

Altars:
Okawaru

Annotations:
D:2 Grinder
D:3 Jessica


Innate Abilities, Weirdness & Mutations

You are too large for most types of armour.
You have tough skin (AC +1).


Message History

Grinder gestures at you.
You struggle to resist.
You thump Grinder!
Grinder is severely wounded.
You hit Grinder.
Grinder is almost dead.
Grinder hits you!
* * * LOW HITPOINT WARNING * * *
You barely miss Grinder.
Grinder is almost dead.
Grinder hits you.
* * * LOW HITPOINT WARNING * * *
You writhe in agony.
* * * LOW HITPOINT WARNING * * *
You closely miss Grinder.
Grinder is almost dead.
You closely miss Grinder.
Grinder is almost dead.
Grinder hits you!
You die...

# ##.## #......# #.###.# # #.#
#.##.#.# #.# #.# #.# #.##.#.#
#.###.# ##5## #.##.#.## ##...##
##...## #.##..#.######.####
##.....## #.####.##.........#
##.......## #..###.##.####.#..#
##.........####......##.####....#
.'....>....'....@5...............
##.........####.†.....#.###.....#
##.......## #..###..#.# #.##..#
##.....## #.## #..#.# #.###.#
##...## #.####..#.###.###.# ##'##
#.##....#.........# #.#
#.##.##.#####.##### ###.######
#.##.##.# #.# #........#
#.##.##.# #)#


You could see Grinder.

Vanquished Creatures
  An orc wizard (D:3)
  2 orc priests (D:3)
  Terence (D:2)
  Robin (D:2)
  3 adders
  A gnoll (D:1)
  2 worms (D:2)
  2 dart slugs
  4 giant geckos
  10 orcs (D:3)
  5 bats
  A giant cockroach (D:1)
  22 goblins
  10 hobgoblins
  A jackal (D:3)
  3 kobolds
  A quokka (D:3)
  2 giant newts
  6 rats
78 creatures vanquished.

Notes
Turn   | Place    | Note
--------------------------------------------------------------
     0 | D:1      | manyhoops the Ogre Berserker began the quest for the Orb.
     0 | D:1      | Reached XP level 1. HP: 24/24 MP: 1/1
   110 | D:1      | Reached XP level 2. HP: 19/33 MP: 2/2
   877 | D:1      | Reached XP level 3. HP: 40/40 MP: 3/3
  1102 | D:2      | Noticed Robin
  1119 | D:2      | Reached ** piety under Trog
  1119 | D:2      | Reached skill level 5 in Maces & Flails
  1123 | D:2      | Reached skill level 5 in Fighting
  1129 | D:2      | Killed Robin
  1190 | D:2      | Reached XP level 4. HP: 35/50 MP: 4/4
  1231 | D:2      | Found a faded altar to an unknown god.
  2432 | D:3      | Noticed Grinder
  2435 | D:3      | Noticed Terence
  2455 | D:2      | Killed Terence
  2455 | D:2      | Reached XP level 5. HP: 33/59 MP: 5/5
  2672 | D:3      | Reached skill level 1 in Stealth
  2681 | D:3      | Reached *** piety under Trog
  3169 | D:3      | Found an iron altar of Okawaru.
  3302 | D:3      | Reached XP level 6. HP: 68/68 MP: 6/6
  3342 | D:3      | Noticed Jessica
  3451 | D:2      | Paralysed by Grinder for 6 turns
  3461 | D:2      | HP: 5/102 [Grinder (7)]
  3462 | D:2      | HP: 1/102 [Grinder (3)]
  3464 | D:2      | Mangled by Grinder

Skill      XL: |  1  2  3  4  5 |
---------------+----------------+-----
Maces & Flails | 5 6 |  6.5
Fighting       | 5 6 |  6.7
Stealth        | 1 |  1.3
Dodging        | |  2.6

Action                   |  1- 3 |  4- 6 || total
-------------------------+-------+-------++-------
Melee: Mace              |    75 |   111 ||   186
       Flail             |       |    59 ||    59
Invok: Berserk           |     2 |     6 ||     8
Evoke: Wand              |       |     4 ||     4
  Use: Scroll            |       |     1 ||     1
       Potion            |       |     1 ||     1
 Stab: Sleeping          |       |     1 ||     1
  Eat: Chunk             |     3 |    11 ||    14
       Meat ration       |       |     1 ||     1
Armor: Animal skin       |    23 |    35 ||    58
Dodge: Dodged            |    48 |    96 ||   144
